[Event "Gideon Japhet ACP Open 2018"]
[Site "Jerusalem"]
[Date "2018.07.03"]
[Round "4"]
[White "Gruenfeld, Yehuda"]
[Black "Gleizer, Mark"]
[Result "1-0"]
[ECO "B01"]
[WhiteElo "2419"]
[BlackElo "2161"]
[Annotator "NA"]
[PlyCount "81"]
[EventDate "2018.07.01"]
[EventType "swiss"]
[EventCountry "ISR"]
[SourceTitle "playchess.com"]
[Source "ChessBase"]
[SourceQuality "1"]
[TimeControl "40/5400+30:1800+30"]

1. e4 d5 2. exd5 Qxd5 3. Nc3 Qd6 4. d4 Nf6 5. Nf3 g6 6. Ne5 Bg7 7. Be2 c6 8. Bf4 Qd8 9. Qd2 Be6 10. O-O Nbd7 11. Rfe1 O-O 12. h3 Re8 13. Nf3 Bd5 14. Nxd5 cxd5 15. Bd3 a6 16. a4 e6 17. Bh6 Re7 18. Bg5 Qf8 19. a5 Ree8 20. Ra3 Nb8 21. Rb3 Ra7 22. Ne5 Rc8 23. Bf4 Nc6 24. Nxc6 Rxc6 25. Ra1 Qc8 26. Ra4 Bf8 27. Qe2 Ne8 28. c4 dxc4 29. Bxc4 Nd6 30. Bd3 Ra8 31. Qf3 Rb8 32. Ra1 b5 33. d5 exd5 34. Qxd5 Rb7 35. Rd1 Rc5 36. Qf3 Nc4 37. Bxc4 Rxc4 38. Rbd3 Be7 39. Bh6 Rcc7 40. Qe4 Bf6 41. Rd8+ 1-0

[Event "Gideon Japhet ACP Open 2018"]
[Site "Jerusalem"]
[Date "2018.07.03"]
[Round "4"]
[White "Erenberg, Ariel"]
[Black "Gurbanov, Andrei"]
[Result "1-0"]
[ECO "E20"]
[WhiteElo "2393"]
[BlackElo "2335"]
[Annotator "NA"]
[PlyCount "77"]
[EventDate "2018.07.01"]
[EventType "swiss"]
[EventCountry "ISR"]
[SourceTitle "playchess.com"]
[Source "ChessBase"]
[SourceQuality "1"]
[TimeControl "40/5400+30:1800+30"]

1. d4 Nf6 2. c4 e6 3. Nc3 Bb4 4. f3 c5 5. d5 b5 6. e4 bxc4 7. Bxc4 e5 8. Bg5 h6 9. Bh4 d6 10. Nge2 O-O 11. O-O g5 12. Bf2 Nh5 13. Be3 Nd7 14. a3 Ba5 15. Rb1 Ndf6 16. Qe1 Rb8 17. Qf2 Nf4 18. Kh1 N6h5 19. Ng3 Ng7 20. b4 cxb4 21. Bxa7 Rb7 22. axb4 Bxb4 23. Nb5 Ba5 24. Be3 f5 25. Nxd6 Qxd6 26. Bc5 Qb8 27. Rxb7 Bxb7 28. Bxf8 Qxf8 29. d6+ Kh7 30. Qc5 fxe4 31. Nxe4 Bxe4 32. fxe4 Bc3 33. Qc6 Qb8 34. d7 Qb2 35. Bg8+ Kxg8 36. d8=Q+ Kh7 37. Rg1 Bd4 38. Qdf6 Nfe6 39. Rf1 1-0

[Event "Gideon Japhet ACP Open 2018"]
[Site "Jerusalem"]
[Date "2018.07.03"]
[Round "4"]
[White "Veinberg, Nimrod"]
[Black "Yaniv, Ori"]
[Result "1/2-1/2"]
[ECO "A05"]
[WhiteElo "2390"]
[BlackElo "1913"]
[Annotator "NA"]
[PlyCount "82"]
[EventDate "2018.07.01"]
[EventType "swiss"]
[EventCountry "ISR"]
[SourceTitle "playchess.com"]
[Source "ChessBase"]
[SourceQuality "1"]
[TimeControl "40/5400+30:1800+30"]

1. Nf3 Nf6 2. c4 g6 3. Nc3 Bg7 4. e4 d6 5. d4 O-O 6. h3 e5 7. d5 Na6 8. Bg5 Qe8 9. Be2 Nd7 10. g4 Ndc5 11. Rg1 Kh8 12. Qd2 f5 13. gxf5 gxf5 14. Bh6 Rg8 15. Bxg7+ Rxg7 16. Rxg7 Kxg7 17. exf5 Bxf5 18. O-O-O Bg6 19. Rg1 Qf7 20. Rg4 Rf8 21. b3 Qf5 22. Kb2 Nb4 23. Rg2 Nbd3+ 24. Ka3 Nf4 25. Rg5 Qxh3 26. Rg3 Qf5 27. Nh4 Qf6 28. Nxg6 hxg6 29. b4 Nd7 30. Bg4 Qe7 31. Kb3 Nf6 32. Bd1 N6h5 33. Rg4 Nf6 34. Rg1 c6 35. Bc2 cxd5 36. cxd5 Qf7 37. Kb2 Rc8 38. a3 a6 39. Qd1 Qc7 40. Rg3 N6h5 41. Re3 b5 1/2-1/2

[Event "Gideon Japhet ACP Open 2018"]
[Site "Jerusalem"]
[Date "2018.07.03"]
[Round "4"]
[White "Parkhov, Yair"]
[Black "Yaniv, Yuval"]
[Result "1-0"]
[ECO "A45"]
[WhiteElo "2364"]
[BlackElo "2054"]
[Annotator "NA"]
[PlyCount "85"]
[EventDate "2018.07.01"]
[EventType "swiss"]
[EventCountry "ISR"]
[SourceTitle "playchess.com"]
[Source "ChessBase"]
[SourceQuality "1"]
[TimeControl "40/5400+30:1800+30"]

1. d4 Nf6 2. Bf4 g6 3. Nc3 Bg7 4. e4 d6 5. Qd2 a6 6. O-O-O b5 7. f3 Nbd7 8. Bh6 Bxh6 9. Qxh6 b4 10. Nce2 e5 11. Nh3 c5 12. dxc5 Nxc5 13. Qd2 Be6 14. Qxd6 Nfd7 15. Kb1 a5 16. Nc1 Rb8 17. Nb3 Nb7 18. Qc6 Qb6 19. Bb5 Qxc6 20. Bxc6 Ke7 21. Ng5 Ndc5 22. Nxe6 Kxe6 23. Nxc5+ Nxc5 24. Rd5 Nb7 25. Rhd1 Nd8 26. Rd7 Kf6 27. R1d6+ Kg7 28. Bd5 Rf8 29. Ra6 Kh6 30. Rxa5 f5 31. Raa7 fxe4 32. h4 Rh8 33. fxe4 Rb6 34. Ra8 Rf6 35. a3 Rff8 36. axb4 Kh5 37. b5 Kxh4 38. Ra3 h5 39. b6 Rf6 40. b7 Nxb7 41. Rxb7 Rf2 42. g3+ Kg5 43. c4 1-0

[Event "Gideon Japhet ACP Open 2018"]
[Site "Jerusalem"]
[Date "2018.07.03"]
[Round "4"]
[White "Gluhovsky, Mark"]
[Black "Gov, Guy"]
[Result "1-0"]
[ECO "C26"]
[WhiteElo "2308"]
[BlackElo "1872"]
[Annotator "NA"]
[PlyCount "53"]
[EventDate "2018.07.01"]
[EventType "swiss"]
[EventCountry "ISR"]
[SourceTitle "playchess.com"]
[Source "ChessBase"]
[SourceQuality "1"]
[TimeControl "40/5400+30:1800+30"]

1. e4 e5 2. Nc3 Nf6 3. g3 d5 4. exd5 Nxd5 5. Bg2 Nxc3 6. bxc3 Bd6 7. Nf3 O-O 8. O-O Nd7 9. Re1 h6 10. d4 exd4 11. cxd4 Nb6 12. Qd3 Be6 13. Bxh6 gxh6 14. Rxe6 fxe6 15. Qg6+ Kh8 16. Qxh6+ Kg8 17. Qg6+ Kh8 18. Ng5 Qe7 19. Re1 Rf6 20. Qh5+ Kg8 21. Bh3 e5 22. Re4 Qg7 23. Be6+ Kf8 24. dxe5 Qh6 25. Nh7+ Kg7 26. exf6+ Kxh7 27. Bf5+ 1-0

[Event "Gideon Japhet ACP Open 2018"]
[Site "Jerusalem"]
[Date "2018.07.03"]
[Round "4"]
[White "Khurtsilava, Inga"]
[Black "Yuffa, Daniil"]
[Result "0-1"]
[ECO "A01"]
[WhiteElo "2282"]
[BlackElo "2577"]
[Annotator "RC"]
[PlyCount "64"]
[EventDate "2018.07.01"]
[EventType "swiss"]
[EventCountry "ISR"]
[SourceTitle "playchess.com"]
[Source "ChessBase"]
[SourceQuality "1"]
[TimeControl "40/5400+30:1800+30"]

1. b3 e5 2. Bb2 Nc6 3. e3 g6 4. Nf3 Bg7 5. Bb5 Nge7 6. d4 e4 7. Nfd2 d5 8. c4 f5 9. cxd5 Nxd5 10. Bxc6+ bxc6 11. Ba3 Ba6 12. Nc4 Qg5 13. O-O f4 14. Qc2 O-O-O 15. Qxe4 Rhe8 16. Qf3 fxe3 17. Bc5 exf2+ 18. Qxf2 Bxc4 19. bxc4 Ne3 20. Nd2 Nxf1 21. Rxf1 Qxc5 22. dxc5 Bd4 23. Nf3 Bxf2+ 24. Kxf2 Rd3 25. Rc1 a5 26. Rc2 a4 27. Nd2 g5 28. Nb1 Ree3 29. Rb2 h5 30. Rb4 g4 31. g3 Re4 32. Rb2 Rxc4 0-1

[Event "Gideon Japhet ACP Open 2018"]
[Site "Jerusalem"]
[Date "2018.07.03"]
[Round "4"]
[White "Cohen Revivo, Shoham"]
[Black "Kobo, Ori"]
[Result "0-1"]
[ECO "B06"]
[WhiteElo "2248"]
[BlackElo "2508"]
[Annotator "ChessBase"]
[PlyCount "72"]
[EventDate "2018.07.01"]
[EventType "swiss"]
[EventCountry "ISR"]
[SourceTitle "playchess.com"]
[Source "ChessBase"]
[SourceQuality "1"]
[TimeControl "40/5400+30:1800+30"]

1. e4 g6 2. d4 Bg7 3. Nc3 d6 4. Bg5 Nf6 5. Qd2 c6 6. O-O-O h6 7. Bf4 g5 8. Bg3 Nh5 9. Nge2 b5 10. h4 Nd7 11. Kb1 g4 12. e5 dxe5 13. dxe5 Nxg3 14. Nxg3 Bxe5 15. Be2 h5 16. Nxh5 Rxh5 17. Bxg4 Rh8 18. Rhe1 Qc7 19. Qg5 e6 20. Bxe6 fxe6 21. f4 Nf6 22. fxe5 Nd5 23. Rf1 Qh7 24. Rd4 Rg8 25. Qd2 Bb7 26. Ne4 O-O-O 27. Nd6+ Rxd6 28. exd6 c5 29. Rd3 Qxh4 30. Rdf3 Qd8 31. Qh6 Qxd6 32. Rf7 Rd8 33. g4 Nb6 34. a3 Nc4 35. Rc1 b4 36. axb4 Nd2+ 0-1

[Event "Gideon Japhet ACP Open 2018"]
[Site "Jerusalem"]
[Date "2018.07.03"]
[Round "4"]
[White "Milikow, Yoav"]
[Black "Agrest, Inna"]
[Result "1/2-1/2"]
[ECO "E90"]
[WhiteElo "2161"]
[BlackElo "2303"]
[Annotator "NA"]
[PlyCount "68"]
[EventDate "2018.07.01"]
[EventType "swiss"]
[EventCountry "ISR"]
[SourceTitle "playchess.com"]
[Source "ChessBase"]
[SourceQuality "1"]
[TimeControl "40/5400+30:1800+30"]

1. d4 Nf6 2. c4 g6 3. Nc3 Bg7 4. e4 d6 5. Nf3 O-O 6. h3 Na6 7. Be3 e5 8. d5 Nh5 9. g3 Qe8 10. Be2 f5 11. exf5 gxf5 12. Ng5 Nf6 13. Qd2 Nc5 14. O-O-O h6 15. Nf3 Nfe4 16. Nxe4 Nxe4 17. Qc2 c6 18. dxc6 Qxc6 19. Nh4 Be6 20. g4 f4 21. Bf3 Qxc4 22. Bxe4 Qxc2+ 23. Bxc2 fxe3 24. fxe3 Rac8 25. Ng6 Rf7 26. b3 d5 27. Kb1 Rfc7 28. Bf5 Kf7 29. Nh4 Bf6 30. Bg6+ Kg7 31. Bf5 Kf7 32. Bg6+ Kg7 33. Bf5 Kf7 34. Bg6+ Kg7 1/2-1/2

[Event "Gideon Japhet ACP Open 2018"]
[Site "Jerusalem"]
[Date "2018.07.03"]
[Round "4"]
[White "Golberg, Igor"]
[Black "Bernstein, Nathan"]
[Result "1-0"]
[ECO "E01"]
[WhiteElo "2132"]
[BlackElo "1921"]
[Annotator "NA"]
[PlyCount "75"]
[EventDate "2018.07.01"]
[EventType "swiss"]
[EventCountry "ISR"]
[SourceTitle "playchess.com"]
[Source "ChessBase"]
[SourceQuality "1"]
[TimeControl "40/5400+30:1800+30"]

1. d4 e6 2. c4 d5 3. Nf3 Nf6 4. g3 Nbd7 5. Bg2 Ne4 6. O-O f5 7. Nfd2 Ndf6 8. f3 Nxd2 9. Qxd2 h5 10. Nc3 c5 11. cxd5 exd5 12. e4 h4 13. e5 Nh5 14. g4 f4 15. Qd3 Be6 16. Qb5+ Kf7 17. Ne2 g5 18. gxh5 h3 19. Bh1 Qb6 20. Qxb6 axb6 21. Bd2 Be7 22. Kf2 Bf5 23. Rfd1 Bc2 24. Rg1 Bd3 25. Bxf4 Bxe2 26. Bxg5 Bxg5 27. Rxg5 Bc4 28. a3 cxd4 29. f4 d3 30. Ke3 Rag8 31. Rag1 Rxg5 32. Rxg5 d4+ 33. Kd2 Ba6 34. Be4 Ke6 35. Rg6+ Kf7 36. Bd5+ Kf8 37. h6 Ke7 38. f5 1-0

[Event "Gideon Japhet ACP Open 2018"]
[Site "Jerusalem"]
[Date "2018.07.03"]
[Round "4"]
[White "Gorodetzky, Matan"]
[Black "Caspi, Israel"]
[Result "1-0"]
[ECO "C43"]
[WhiteElo "2060"]
[BlackElo "2479"]
[Annotator "ChessBase"]
[PlyCount "85"]
[EventDate "2018.07.01"]
[EventType "swiss"]
[EventCountry "ISR"]
[SourceTitle "playchess.com"]
[Source "ChessBase"]
[SourceQuality "1"]
[TimeControl "40/5400+30:1800+30"]

1. e4 e5 2. Nf3 Nf6 3. d4 Nxe4 4. Bd3 d5 5. dxe5 Nc5 6. Be2 Be7 7. Be3 O-O 8. O-O c6 9. c4 dxc4 10. Bxc4 Nbd7 11. Qc2 Qc7 12. Bf4 Nb6 13. Be2 Nd5 14. Bg3 Qa5 15. a3 Qa4 16. Bd1 Qxc2 17. Bxc2 f5 18. exf6 Rxf6 19. Be5 Rf8 20. Nc3 Nf4 21. Rad1 Bg4 22. b4 Nd7 23. Bb3+ Kh8 24. Bxf4 Rxf4 25. h3 Bxh3 26. Rfe1 Bf6 27. Ne2 Rxf3 28. gxf3 Ne5 29. Nd4 h5 30. Kh2 Bd7 31. f4 Ng4+ 32. Kg2 a5 33. Ne6 Bxe6 34. Rxe6 axb4 35. axb4 Bc3 36. Rd7 Bxb4 37. Rxb7 Bc5 38. Rxc6 Bxf2 39. Bc2 Bd4 40. Bg6 Nf6 41. Rbc7 Rf8 42. Rc8 Nd7 43. Bf5 1-0

[Event "Gideon Japhet ACP Open 2018"]
[Site "Jerusalem"]
[Date "2018.07.03"]
[Round "4"]
[White "Rozen, Eytan"]
[Black "Kantsler, Boris"]
[Result "0-1"]
[ECO "A41"]
[WhiteElo "2044"]
[BlackElo "2422"]
[Annotator "NA"]
[PlyCount "66"]
[EventDate "2018.07.01"]
[EventType "swiss"]
[EventCountry "ISR"]
[SourceTitle "playchess.com"]
[Source "ChessBase"]
[SourceQuality "1"]
[TimeControl "40/5400+30:1800+30"]

1. d4 d6 2. e4 Nf6 3. f3 e5 4. d5 Be7 5. Bd3 Nh5 6. Ne2 Bg5 7. O-O O-O 8. Bxg5 Qxg5 9. Qd2 Qe7 10. c4 Nd7 11. Nbc3 a5 12. Na4 b6 13. a3 Nc5 14. Nxc5 bxc5 15. b4 axb4 16. axb4 Rxa1 17. Rxa1 cxb4 18. Rb1 Nf6 19. Rxb4 Nd7 20. Bc2 Nb6 21. Nc3 Bd7 22. Ba4 Ra8 23. Bxd7 Qxd7 24. Qb2 Qd8 25. Nb5 Na4 26. Qa2 Nc5 27. Qb1 g6 28. Nc3 Qg5 29. Rb8+ Rxb8 30. Qxb8+ Kg7 31. Qb2 Qe3+ 32. Kf1 Qd3+ 33. Ne2 Qd1+ 0-1

[Event "Gideon Japhet ACP Open 2018"]
[Site "Jerusalem"]
[Date "2018.07.03"]
[Round "4"]
[White "Levin, Natan"]
[Black "Berenboym, Igor"]
[Result "0-1"]
[ECO "A00"]
[WhiteElo "1849"]
[BlackElo "2116"]
[Annotator "NA"]
[PlyCount "56"]
[EventDate "2018.07.01"]
[EventType "swiss"]
[EventCountry "ISR"]
[SourceTitle "playchess.com"]
[Source "ChessBase"]
[SourceQuality "1"]
[TimeControl "40/5400+30:1800+30"]

1. c3 Nf6 2. Qa4 Nc6 3. b4 e5 4. d3 d5 5. Bg5 Bd6 6. g4 Bd7 7. Qb3 Bxg4 8. Bg2 Be6 9. Nd2 h6 10. Bxf6 Qxf6 11. Bxd5 Bxd5 12. Qxd5 O-O-O 13. Qb5 Rhe8 14. Ne4 Qe6 15. Qa4 Kb8 16. b5 Ne7 17. c4 f5 18. c5 fxe4 19. cxd6 Rxd6 20. b6 Nc6 21. bxa7+ Nxa7 22. Qxe4 Rd4 23. Qe3 Qc6 24. Rc1 Qxh1 25. Kd2 Qd5 26. Rc2 Ra4 27. Qg3 Rxa2 28. Rxa2 Qxa2+ 0-1

[Event "Gideon Japhet ACP Open 2018"]
[Site "Jerusalem"]
[Date "2018.07.04"]
[Round "5"]
[White "Muzychuk, Mariya"]
[Black "Gruenfeld, Yehuda"]
[Result "1/2-1/2"]
[ECO "B90"]
[WhiteElo "2521"]
[BlackElo "2419"]
[Annotator "ChessBase"]
[PlyCount "71"]
[EventDate "2018.07.01"]
[EventType "swiss"]
[EventCountry "ISR"]
[SourceTitle "playchess.com"]
[Source "ChessBase"]
[SourceQuality "1"]
[TimeControl "40/5400+30:1800+30"]

1. e4 c5 2. Nf3 d6 3. d4 cxd4 4. Nxd4 Nf6 5. Nc3 a6 6. f3 e5 7. Nb3 Be7 8. Be3 O-O 9. Qd2 Be6 10. O-O-O Nbd7 11. g4 b5 12. g5 b4 13. Ne2 Ne8 14. f4 a5 15. f5 a4 16. fxe6 axb3 17. cxb3 fxe6 18. Bh3 Nc7 19. Kb1 Kh8 20. Bg2 Qb8 21. h4 Qb7 22. Rdf1 Na6 23. Rxf8+ Rxf8 24. h5 Nac5 25. Qc2 Qa6 26. Nc1 Kg8 27. Rd1 g6 28. Rh1 Rf7 29. Qd1 Nf8 30. Qg4 Qc6 31. Bf3 Bd8 32. Qg2 Bb6 33. Re1 Qb5 34. Be2 Qc6 35. Bf3 Qb5 36. Be2 1/2-1/2

[Event "Gideon Japhet ACP Open 2018"]
[Site "Jerusalem"]
[Date "2018.07.04"]
[Round "5"]
[White "Kobo, Ori"]
[Black "Erenberg, Ariel"]
[Result "1-0"]
[ECO "A46"]
[WhiteElo "2508"]
[BlackElo "2393"]
[Annotator "ChessBase"]
[PlyCount "91"]
[EventDate "2018.07.01"]
[EventType "swiss"]
[EventCountry "ISR"]
[SourceTitle "playchess.com"]
[Source "ChessBase"]
[SourceQuality "1"]
[TimeControl "40/5400+30:1800+30"]

1. Nf3 Nf6 2. d4 e6 3. e3 b6 4. Bd3 Bb7 5. O-O Be7 6. c4 O-O 7. Nc3 d5 8. cxd5 Nxd5 9. e4 Nb4 10. Bc4 c5 11. dxc5 Bxc5 12. Qe2 Nd7 13. Rd1 Qc8 14. a3 Nc6 15. b4 Be7 16. Bf4 Bf6 17. Rac1 Nde5 18. Nb5 Rd8 19. Nd6 Qb8 20. Nxf7 Rxd1+ 21. Rxd1 Kxf7 22. Ng5+ Bxg5 23. Qh5+ Kg8 24. Bxe6+ Kh8 25. Qxg5 h6 26. Qf5 Qf8 27. b5 Rd8 28. Qxf8+ Rxf8 29. bxc6 Nxc6 30. Bg3 Re8 31. Bf5 Na5 32. e5 Bc8 33. Bg6 Rf8 34. f4 Nc4 35. Rd3 Kg8 36. Rc3 b5 37. a4 a6 38. axb5 axb5 39. Rb3 Bd7 40. h4 Kh8 41. f5 Bxf5 42. Rf3 Ne3 43. e6 Rf6 44. Bxf5 Nxf5 45. Rxf5 Rxf5 46. e7 1-0

[Event "Gideon Japhet ACP Open 2018"]
[Site "Jerusalem"]
[Date "2018.07.04"]
[Round "5"]
[White "Kantsler, Boris"]
[Black "Bagrationi, Alexander"]
[Result "1/2-1/2"]
[ECO "E63"]
[WhiteElo "2422"]
[BlackElo "2539"]
[Annotator "ChessBase"]
[PlyCount "59"]
[EventDate "2018.07.01"]
[EventType "swiss"]
[EventCountry "ISR"]
[SourceTitle "playchess.com"]
[Source "ChessBase"]
[SourceQuality "1"]
[TimeControl "40/5400+30:1800+30"]

1. d4 Nf6 2. Nf3 g6 3. c4 Bg7 4. g3 O-O 5. Bg2 d6 6. O-O Nc6 7. Nc3 a6 8. Bf4 Rb8 9. Rc1 b5 10. Nd5 bxc4 11. Nxf6+ exf6 12. Rxc4 Ne7 13. b3 Nd5 14. Bd2 f5 15. e3 Nb6 16. Rc1 Bb7 17. Ne1 Nd5 18. Nd3 Qe7 19. Qc2 Rfc8 20. Rfd1 Qd7 21. Be1 Ne7 22. Bxb7 Rxb7 23. Nb4 c6 24. Nxa6 Nd5 25. a3 f4 26. exf4 Nxf4 27. gxf4 Qg4+ 28. Kh1 Qf3+ 29. Kg1 Qg4+ 30. Kh1 1/2-1/2

[Event "Gideon Japhet ACP Open 2018"]
[Site "Jerusalem"]
[Date "2018.07.04"]
[Round "5"]
[White "Shvayger, Yuliya"]
[Black "Zlatin, Alexander"]
[Result "1-0"]
[ECO "C68"]
[WhiteElo "2409"]
[BlackElo "2205"]
[Annotator "NA"]
[PlyCount "65"]
[EventDate "2018.07.01"]
[EventType "swiss"]
[EventCountry "ISR"]
[SourceTitle "playchess.com"]
[Source "ChessBase"]
[SourceQuality "1"]
[TimeControl "40/5400+30:1800+30"]

1. e4 e5 2. Nf3 Nc6 3. Bb5 a6 4. Bxc6 dxc6 5. O-O Qf6 6. d4 exd4 7. Bg5 Qd6 8. Nxd4 c5 9. Ne2 Qxd1 10. Rxd1 Bd7 11. Nbc3 Bd6 12. Rd2 f6 13. Bf4 Bxf4 14. Nxf4 Ne7 15. Ncd5 Rc8 16. Rad1 Nxd5 17. Nxd5 Bc6 18. Nxc7+ Kf7 19. Nd5 Rcd8 20. f3 h5 21. Kf2 Rhe8 22. Ne3 Rxd2+ 23. Rxd2 g6 24. Nc4 Ke6 25. h4 Rb8 26. b3 Rg8 27. Ke3 Rb8 28. Rd6+ Ke7 29. e5 Rf8 30. exf6+ Rxf6 31. Rxf6 Kxf6 32. Na5 Bb5 33. c4 1-0

[Event "Gideon Japhet ACP Open 2018"]
[Site "Jerusalem"]
[Date "2018.07.04"]
[Round "5"]
[White "Zilberman, Yaacov"]
[Black "Shohat, Yotam"]
[Result "1-0"]
[ECO "D91"]
[WhiteElo "2374"]
[BlackElo "2189"]
[Annotator "NA"]
[PlyCount "75"]
[EventDate "2018.07.01"]
[EventType "swiss"]
[EventCountry "ISR"]
[SourceTitle "playchess.com"]
[Source "ChessBase"]
[SourceQuality "1"]
[TimeControl "40/5400+30:1800+30"]

1. d4 Nf6 2. c4 g6 3. Nc3 d5 4. Nf3 Bg7 5. Bg5 dxc4 6. e4 c5 7. d5 b5 8. Bxf6 exf6 9. Nxb5 Qb6 10. Bxc4 a6 11. Nc3 Qxb2 12. Rc1 O-O 13. O-O Nd7 14. Re1 Rd8 15. Na4 Qb4 16. Bb3 Bf8 17. Nd2 Ne5 18. Nc4 Nxc4 19. Rxc4 Qa5 20. Qc1 Bd7 21. Nxc5 Bb5 22. Nb7 Qb6 23. Nxd8 Bxc4 24. Qxc4 Rxd8 25. Rc1 Bd6 26. g3 h5 27. Kg2 h4 28. Qa4 h3+ 29. Kf1 Bc5 30. Rc2 a5 31. Qc6 Qxc6 32. dxc6 Bb6 33. c7 Rc8 34. Rc6 Bd4 35. f4 Kf8 36. Bc4 Ke7 37. Ba6 Kd7 38. Rc4 1-0

[Event "Gideon Japhet ACP Open 2018"]
[Site "Jerusalem"]
[Date "2018.07.04"]
[Round "5"]
[White "Gurbanov, Andrei"]
[Black "Milikow, Yoav"]
[Result "1/2-1/2"]
[ECO "D80"]
[WhiteElo "2335"]
[BlackElo "2161"]
[Annotator "NA"]
[PlyCount "80"]
[EventDate "2018.07.01"]
[EventType "swiss"]
[EventCountry "ISR"]
[SourceTitle "playchess.com"]
[Source "ChessBase"]
[SourceQuality "1"]
[TimeControl "40/5400+30:1800+30"]

1. d4 Nf6 2. c4 g6 3. Nc3 d5 4. Bg5 Bg7 5. Bxf6 Bxf6 6. cxd5 O-O 7. e3 c6 8. Bc4 b5 9. Bb3 b4 10. Ne4 cxd5 11. Nxf6+ exf6 12. Qf3 Be6 13. Ne2 Nc6 14. Nf4 Ne7 15. O-O a5 16. a4 bxa3 17. Rxa3 Rb8 18. Nd3 Nc8 19. Nc5 Nb6 20. Rfa1 Nc4 21. Bxc4 dxc4 22. Nxe6 fxe6 23. Qe2 Qb6 24. R1a2 Rfc8 25. h4 Qd6 26. Qc2 e5 27. dxe5 fxe5 28. Rxa5 Qd3 29. Qa4 Qb1+ 30. Kh2 Qe4 31. Kg3 Rf8 32. Qd1 Rbd8 33. Qc1 g5 34. hxg5 Rf5 35. f4 exf4+ 36. exf4 Rd3+ 37. Kh2 Rxf4 38. Ra8+ Kg7 39. R2a7+ Kg6 40. Ra6+ Kg7 1/2-1/2

[Event "Gideon Japhet ACP Open 2018"]
[Site "Jerusalem"]
[Date "2018.07.04"]
[Round "5"]
[White "Zisman, Philip"]
[Black "Steinberg, Nitzan"]
[Result "0-1"]
[ECO "B90"]
[WhiteElo "2293"]
[BlackElo "2521"]
[Annotator "ChessBase"]
[PlyCount "39"]
[EventDate "2018.07.01"]
[EventType "swiss"]
[EventCountry "ISR"]
[SourceTitle "playchess.com"]
[Source "ChessBase"]
[SourceQuality "1"]
[TimeControl "40/5400+30:1800+30"]

1. e4 c5 2. Nf3 d6 3. d4 cxd4 4. Nxd4 Nf6 5. Nc3 a6 6. a4 e5 7. Nf3 Be7 8. Bc4 O-O 9. Qe2 Nc6 10. Be3 Be6 11. Nd5 Rc8 12. Bb6 Qd7 13. Ra3 Bxd5 14. exd5 Nb4 15. Ba5 Nfxd5 16. O-O Nf4 17. Qd2 Qg4 18. Ne1 Rxc4 19. Bxb4 Rxb4 20. f3 0-1

[Event "Gideon Japhet ACP Open 2018"]
[Site "Jerusalem"]
[Date "2018.07.04"]
[Round "5"]
[White "Gleizer, Mark"]
[Black "Veinberg, Nimrod"]
[Result "0-1"]
[ECO "A45"]
[WhiteElo "2161"]
[BlackElo "2390"]
[Annotator "NA"]
[PlyCount "86"]
[EventDate "2018.07.01"]
[EventType "swiss"]
[EventCountry "ISR"]
[SourceTitle "playchess.com"]
[Source "ChessBase"]
[SourceQuality "1"]
[TimeControl "40/5400+30:1800+30"]

1. d4 Nf6 2. c3 d5 3. Bg5 Ne4 4. Bf4 c5 5. e3 Qb6 6. Qb3 c4 7. Qxb6 axb6 8. f3 Nf6 9. e4 e6 10. Nd2 b5 11. Bxb8 Rxb8 12. e5 Nd7 13. a3 Nb6 14. Kd1 Ra8 15. Rb1 Bd7 16. Ne2 Kd8 17. f4 f6 18. Nf3 Be8 19. exf6 gxf6 20. f5 Bd6 21. g3 e5 22. Bh3 Kc7 23. Ne1 Rg8 24. Rg1 Rg5 25. Nf3 Rg7 26. Kd2 Na4 27. Kc2 Bd7 28. Nh4 Rg5 29. Rbf1 Nb6 30. Rf2 Rf8 31. Bf1 Nc8 32. g4 Rfg8 33. h3 h5 34. Nf3 R5g7 35. Rfg2 hxg4 36. hxg4 Rxg4 37. Nh4 Rxg2 38. Rxg2 Rh8 39. Rg4 Ne7 40. Kd2 Nxf5 41. Nxf5 Bxf5 42. Rg7+ Kc6 43. Bg2 Rh7 0-1

[Event "Gideon Japhet ACP Open 2018"]
[Site "Jerusalem"]
[Date "2018.07.04"]
[Round "5"]
[White "Berenboym, Igor"]
[Black "Golberg, Igor"]
[Result "1/2-1/2"]
[ECO "C07"]
[WhiteElo "2116"]
[BlackElo "2132"]
[Annotator "NA"]
[PlyCount "64"]
[EventDate "2018.07.01"]
[EventType "swiss"]
[EventCountry "ISR"]
[SourceTitle "playchess.com"]
[Source "ChessBase"]
[SourceQuality "1"]
[TimeControl "40/5400+30:1800+30"]

1. e4 e6 2. d4 d5 3. Nd2 c5 4. exd5 Qxd5 5. Ngf3 cxd4 6. Bc4 Qd7 7. Nb3 Nc6 8. Nbxd4 Nxd4 9. Nxd4 Qc7 10. Qe2 a6 11. O-O Bd6 12. Re1 Ne7 13. Bg5 Bxh2+ 14. Kh1 Bf4 15. Bxf4 Qxf4 16. Rad1 O-O 17. g3 Qc7 18. Kg2 b5 19. Bd3 Bb7+ 20. f3 g6 21. Qe3 Nf5 22. Nxf5 exf5 23. Bxf5 Rad8 24. Rxd8 Rxd8 25. Bd3 Bd5 26. a3 Qc6 27. Re2 Qf6 28. b3 Kg7 29. Be4 Bxe4 30. Qxe4 Rd4 31. Qe3 Qd6 32. Qc3 Kf8 1/2-1/2

[Event "Gideon Japhet ACP Open 2018"]
[Site "Jerusalem"]
[Date "2018.07.04"]
[Round "5"]
[White "Gorodetzky, Matan"]
[Black "Zanan, Evgeny"]
[Result "0-1"]
[ECO "E61"]
[WhiteElo "2060"]
[BlackElo "2497"]
[Annotator "ChessBase"]
[PlyCount "64"]
[EventDate "2018.07.01"]
[EventType "swiss"]
[EventCountry "ISR"]
[SourceTitle "playchess.com"]
[Source "ChessBase"]
[SourceQuality "1"]
[TimeControl "40/5400+30:1800+30"]

1. d4 Nf6 2. c4 g6 3. Nc3 Bg7 4. Nf3 O-O 5. e3 d6 6. Be2 Nc6 7. O-O e5 8. Re1 h6 9. h3 Re8 10. Bf1 Nd7 11. dxe5 dxe5 12. e4 Nd4 13. Be3 Nc5 14. Nb5 Nce6 15. Bxd4 exd4 16. e5 a6 17. Nbxd4 Nxd4 18. Nxd4 Bxe5 19. Qd2 c5 20. Nf3 Qxd2 21. Nxd2 Bd7 22. Ne4 Bxb2 23. Rad1 Bd4 24. Nd6 Rxe1 25. Rxe1 Bc6 26. Re7 Bf6 27. Rc7 Be5 28. Rc8+ Rxc8 29. Nxc8 Kf8 30. Bd3 Bc7 31. Na7 Bd7 32. Be4 Bb8 0-1

[Event "Gideon Japhet ACP Open 2018"]
[Site "Jerusalem"]
[Date "2018.07.04"]
[Round "5"]
[White "Aizenberg, Benny"]
[Black "Parkhov, Yair"]
[Result "0-1"]
[ECO "B90"]
[WhiteElo "1887"]
[BlackElo "2364"]
[Annotator "NA"]
[PlyCount "76"]
[EventDate "2018.07.01"]
[EventType "swiss"]
[EventCountry "ISR"]
[SourceTitle "playchess.com"]
[Source "ChessBase"]
[SourceQuality "1"]
[TimeControl "40/5400+30:1800+30"]

1. e4 c5 2. Nf3 d6 3. d4 cxd4 4. Nxd4 Nf6 5. Nc3 a6 6. h3 b5 7. g4 Bb7 8. Bg2 Nc6 9. O-O Nxd4 10. Qxd4 e5 11. Qd3 Be7 12. Be3 b4 13. Ne2 d5 14. exd5 Bxd5 15. Ng3 Bxg2 16. Kxg2 Qxd3 17. cxd3 h5 18. f3 Nd5 19. Bd2 hxg4 20. fxg4 f6 21. Rae1 Rc8 22. Rc1 Kf7 23. Rc4 Rhd8 24. Nf5 Rxc4 25. dxc4 Nb6 26. Be1 Nxc4 27. b3 g6 28. bxc4 gxf5 29. Rxf5 Rc8 30. g5 Ke6 31. gxf6 Kxf5 32. fxe7 a5 33. a3 bxa3 34. Bxa5 Ke6 35. h4 a2 36. Bc3 Kxe7 37. Bxe5 Rxc4 38. h5 Rc5 0-1